 Dungeon Crawl Stone Soup version 0.22.1-1-ga44c0e56f4 (webtiles) character file.

324 Gargoyl the Skirmisher (level 6, -1/52 HPs)
             Began as a Centaur Abyssal Knight on Oct 12, 2018.
             Was a Priest of Lugonu.
             Slain by an orc
             ... wielding a +0 falchion
              (6 damage)
             ... on level 4 of the Dungeon.
             The game lasted 00:04:46 (2829 turns).

Gargoyl the Skirmisher (Centaur Abyssal Knight)     Turns: 2829, Time: 00:04:47

Health: -1/52      AC: 10    Str: 20    XL:     6   Next: 23%
Magic:  8/8        EV: 14    Int: 11    God:    Lugonu [***...]
Gold:   190        SH:  0    Dex: 15    Spells: 5/5 levels left

rFire    + + .     SeeInvis .   a - +1 hand axe
rCold    + . .     Gourm    .   (no shield)
rNeg     . . .     Faith    .   d - +2 ring mail {rF+}
rPois    +         Spirit   .   j - +0 helmet
rElec    +         Reflect  .   f - +0 cloak
rCorr    +         Harm     .   (no gloves)
MR       .....                  (no barding)
Stlth    ++........             (no amulet)
HPRegen  0.17/turn              (no ring)
MPRegen  0.11/turn              (no ring)

@: mighty, agile, resistant, flying, very quick
A: large, hooves 3, deformed body, speed 2, tough skin 3
a: Depart the Abyss, Bend Space, Banish, Renounce Religion


You were on level 4 of the Dungeon.
You worshipped Lugonu.
Lugonu was most pleased with you.
You were not hungry.

You visited 1 branch of the dungeon, and saw 4 of its levels.
You visited the Abyss 1 time.

You collected 190 gold pieces.

Inventory:

Hand Weapons
 a - a +1 hand axe (weapon)
Armour
 d - a +2 ring mail of fire resistance (worn)
 f - a +0 cloak (worn)
 j - a +0 helmet (worn)
Scrolls
 g - 3 scrolls of remove curse
 k - a scroll of teleportation
Potions
 b - a potion of degeneration {unknown}
 e - a potion of resistance
 h - a potion of flight
 i - a potion of heal wounds {unknown}
 m - a potion of might
Comestibles
 c - 6 rations


   Skills:
 + Level 3.8 Fighting
 + Level 3.6 Axes
 * Level 3.0 Armour
 + Level 1.2 Dodging
 * Level 3.2 Invocations


You had 5 spell levels left.
You didn't know any spells.
Your spell library was empty.

Dungeon Overview and Level Annotations

Branches:
Dungeon (4/15)
 Temple: D:4-7

Altars:
Nemelex Xobeh

Annotations:
D:3 Grinder


Innate Abilities, Weirdness & Mutations

You have hooves in place of feet.
Armour fits poorly on your strangely shaped body.
You cover ground very quickly.
You have extremely tough skin. (AC +3)


Message History

The orc priest hits you with a hand axe.
* * * LOW HITPOINT WARNING * * *
The orc hits you with a falchion.
* * * LOW HITPOINT WARNING * * *
It was a potion of might.
You feel very mighty all of a sudden. The orc completely misses you.
The orc priest closely misses you. The orc hits you but does no damage.
It was a potion of agility.
You feel agile all of a sudden. The orc hits you but does no damage.
The orc priest hits you but does no damage.
The orc barely misses you.
You barely miss the orc priest. You kick the orc priest!
You kill the orc priest!
Lugonu accepts your kill.
Your Armour skill increases to level 3!
You barely miss the orc. You hit the orc. The orc barely misses you.
The orc hits you with a falchion.
You die...

...........#.##.#..#.#
##........##.##...#..#
##.....####.##..##.##
..#.....# #.##..##.#
......<.# ##.....##.#
........# #.........#
........# #.......>.#
..#.....# #....oo...#
.######## #.....@...#
# #####.)#.)#
###.##.### #....)...#
....#......#
....#......#
..........#
...........#
...........#


You could see 2 orcs.

Vanquished Creatures
  A jelly (D:4)
  An orc priest (D:4)
  Terence (D:2)
  An iguana (D:4)
  2 worker ants (D:4)
  An orc wizard (D:4)
  A hound skeleton (D:4)
  Robin (D:2)
  An adder (D:2)
  An adder skeleton (D:4)
  3 worms
  2 dart slugs
  3 leopard geckos
  2 orcs (D:4)
  3 ball pythons
  7 bats
  4 giant cockroaches
  20 goblins
  11 hobgoblins
  2 jackals (D:1)
  A quokka (D:3)
  3 frilled lizards
  7 kobolds
  9 rats
88 creatures vanquished.

Notes
Turn   | Place    | Note
-------+----------+-------------------------------------------
     0 | Abyss:1  | Gargoyl the Centaur Abyssal Knight began the quest for the
                  | Orb.
     0 | Abyss:1  | Reached XP level 1. HP: 19/19 MP: 2/2
    47 | Abyss:1  | Noticed a starcursed mass
    75 | Abyss:2  | Noticed a demonic crawler
    87 | Abyss:3  | Found a corrupted altar of Lugonu.
   106 | Abyss:3  | Noticed a green death
   107 | D:1      | Escaped the Abyss
   392 | D:1      | Reached * piety under Lugonu
   397 | D:1      | Reached XP level 2. HP: 19/26 MP: 3/3
   781 | D:1      | Reached XP level 3. HP: 27/31 MP: 4/4
   903 | D:2      | Noticed Robin
   904 | D:2      | Reached ** piety under Lugonu
   918 | D:2      | Killed Robin
  1040 | D:2      | Reached XP level 4. HP: 37/38 MP: 5/5
  1228 | D:2      | Found a faded altar of an unknown god.
  1242 | D:2      | Noticed Terence
  1260 | D:2      | Killed Terence
  1260 | D:2      | Reached skill level 1 in Dodging
  1743 | D:2      | Found a sparkling altar of Nemelex Xobeh.
  1748 | D:2      | Reached *** piety under Lugonu
  2049 | D:3      | Reached XP level 5. HP: 45/45 MP: 7/7
  2176 | D:3      | Noticed Grinder
  2188 | D:3      | Paralysed by Grinder for 4 turns
  2681 | D:4      | Reached XP level 6. HP: 52/52 MP: 8/8
  2829 | D:4      | Slain by an orc

Skill      XL: |  1  2  3  4  5  6 |
---------------+-------------------+-----
Axes           | 2 3 |  3.6
Armour         | 2 3 |  3.0
Dodging        | 1 |  1.2
Invocations    | 3 |  3.2
Fighting       | |  3.8

Action                   |  1- 3 |  4- 6 || total
-------------------------+-------+-------++-------
Melee: Hand axe          |    86 |   164 ||   250
       Kick              |    12 |    34 ||    46
Invok: Depart the Abyss  |     1 |       ||     1
  Use: Scroll            |       |     7 ||     7
       Potion            |       |     5 ||     5
  Eat: Chunk             |       |     5 ||     5
Armor: Ring mail         |    75 |   100 ||   175
Dodge: Dodged            |    46 |    84 ||   130
